 Dungeon Crawl Stone Soup version 0.17.1-1-g73c8601 (webtiles) character file.

168 zercules the Sneak (level 5, -8/31 HPs)
             Began as a High Elf Enchanter on Jan 13, 2016.
             Mangled by Blork the orc
             ... wielding a +0 flail
              (10 damage)
             ... on level 4 of the Dungeon.
             The game lasted 00:14:28 (4431 turns).

zercules the Sneak (High Elf Enchanter)             Turns: 4431, Time: 00:14:29

Health: -8/31      AC:  3    Str:  7    XL:     5   Next: 23%
Magic:  5/9        EV: 12    Int: 20    God:
Gold:   173        SH:  0    Dex: 15    Spells: 2 memorised, 5 levels left

rFire  . . .     SeeInvis .     s - +2 rapier (venom)
rCold  . . .     Clarity  .     b - +1 robe
rNeg   . . .     SustAt   .     (no shield)
rPois  .         Gourm    .     (no helmet)
rElec  .         Spirit   .     (no cloak)
rCorr  .         Warding  .     (no gloves)
rMut   .         Stasis   .     (no boots)
MR     .....                    (no amulet)
Stlth  +++.......               (no ring)
                                (no ring)

@: very slightly contaminated, not resistant to hostile enchantments, fairly
stealthy
A: no striking features
a: no special abilities


You were on level 4 of the Dungeon.
You were not hungry.

You visited 1 branch of the dungeon, and saw 4 of its levels.

You collected 173 gold pieces.

Inventory:

Hand Weapons
 a - a +1 dagger
 h - a +0 dagger of pain
 s - a +2 rapier of venom (weapon)
Missiles
 o - 6 needles of sleeping
Armour
 b - a +1 robe (worn)
Jewellery
 k - an uncursed amulet of regeneration {unknown}
Wands
 t - a wand of slowing (21)
Scrolls
 g - 2 scrolls of enchant weapon {unknown}
 i - 2 scrolls of identify {unknown}
 j - 2 scrolls of fog {unknown}
 l - a scroll of enchant armour {unknown}
 m - a scroll of amnesia {unknown}
 q - 2 scrolls of remove curse {unknown}
 u - 4 scrolls of recharging {unknown}
 v - a scroll of immolation {unknown}
Potions
 e - a potion of resistance {unknown}
 f - a potion of lignification {unknown}
 n - a potion of haste
 p - a potion of cancellation {unknown}
 w - a potion of might {unknown}
 x - a potion of curing {unknown}
Books
 c - a book of Maledictions

   Spells                             Type                      Level
   a - Corona                         Hexes                        1
   b - Ensorcelled Hibernation        Hexes/Ice                    2
   c - Confuse                        Hexes                        3
   d - Tukima's Dance                 Hexes                        3
   e - Dazzling Spray                 Conjuration/Hexes            3
Comestibles
 r - 2 meat rations


   Skills:
 + Level 3.2 Short Blades
 - Level 2.1 Dodging
 + Level 6.3 Stealth
 - Level 2.4 Spellcasting
 - Level 3.0 Hexes


You had 5 spell levels left.
You knew the following spells:

 Your Spells              Type           Power        Failure   Level  Hunger
a - Corona                Hex            ##.....      4%          1    #......
b - Ensorcelled Hibernat  Hex/Ice        #.....       14%         2    ##.....


Dungeon Overview and Level Annotations

Branches:
Dungeon (4/15)
 Temple: D:4-7

Altars:
Dithmenos
Sif Muna
Trog

Annotations:
D:4 Blork the orc


Message History

Casting: Ensorcelled Hibernation
Confirm with . or Enter, or press ? or * to list all spells.
Aiming: Ensorcelled Hibernation
Press: ? - help, Shift-Dir - straight line, f/p - slave
Aim: a slave, wearing an animal skin (chance to defeat MR: 39%)
The slave resists with some effort.
The slave hits you but does no damage. The slave misses you.
Casting: Ensorcelled Hibernation
Confirm with . or Enter, or press ? or * to list all spells.
Aiming: Ensorcelled Hibernation
Press: ? - help, Shift-Dir - straight line, f/p - slave
Aim: a slave, wearing an animal skin (chance to defeat MR: 39%)
You miscast Ensorcelled Hibernation.
You are very lightly contaminated with residual magic.
You feel a bit tired. The slave hits you.
* * * LOW HITPOINT WARNING * * *
The slave hits you.
* * * LOW HITPOINT WARNING * * *
Something hits you!
You die...

#......#...........#.....#
#......+...........#.(...#
#......#...........# ....#
#####......###...##....#
#+#
.............#'####....#
.............#..........+
.............#..........#
.............+.pp.......#
.............#..@.......#
.............###+########.
######....................#
#....................#
#....................#
#....................#
#....................#
#....................#
#....................#


You could see 2 slaves.

Vanquished Creatures
  A centaur zombie (D:3)
  7 adders
  An adder skeleton (D:4)
  3 worms
  3 giant geckos (D:2)
  A ball python (D:1)
  8 bats
  3 giant cockroaches
  5 goblins
  8 hobgoblins
  2 jackals (D:1)
  7 kobolds
  2 quokkas
  3 giant newts
  6 rats
60 creatures vanquished.

Vanquished Creatures (others)
  A giant gecko (D:2)
1 creature vanquished.

Grand Total: 61 creatures vanquished

Notes
Turn   | Place    | Note
--------------------------------------------------------------
     0 | D:1      | zercules the High Elf Enchanter began the quest for the Orb.
     0 | D:1      | Reached XP level 1. HP: 11/11 MP: 4/4
   456 | D:1      | Reached XP level 2. HP: 9/17 MP: 6/6
   675 | D:1      | Learned a level 2 spell: Ensorcelled Hibernation
  1462 | D:2      | Reached skill level 4 in Stealth
  2091 | D:2      | Reached XP level 3. HP: 8/21 MP: 2/7
  2502 | D:2      | Reached skill level 5 in Stealth
  2605 | D:2      | Reached XP level 4. HP: 23/27 MP: 3/8
  2868 | D:2      | Found a deep blue altar of Sif Muna.
  3151 | D:3      | Found a bloodstained altar of Trog.
  3307 | D:3      | Found a shadowy altar of Dithmenos.
  3918 | D:3      | Reached skill level 6 in Stealth
  4023 | D:3      | Reached XP level 5. HP: 21/31 MP: 9/9
  4348 | D:4      | Noticed a slave
  4349 | D:4      | Noticed a slave
  4411 | D:4      | Noticed Blork the orc
  4431 | D:4      | Mangled by Blork the orc

Action                   |  1- 3 |  4- 6 || total
-------------------------+-------+-------++-------
Melee: Dagger            |   156 |     3 ||   159
       Rapier            |       |    63 ||    63
 Cast: Ensorcelled Hiber |    14 |     5 ||    19
Evoke: Wand              |       |     1 ||     1
  Use: Potion            |       |     1 ||     1
 Stab: Sleeping          |    16 |     7 ||    23
       Distracted        |       |     1 ||     1
  Eat: Chunk             |     3 |     1 ||     4
       Bread ration      |     1 |     1 ||     2
